Map: Cactus Valley LE (Void)

Players

LiquidTaeja - Winner!

  • Race: Terran Terran

Bop

  • Race: Protoss Protoss

VOD

Have the link to the VOD?

Description

Time

  • Played on: May 6, 2015, 11:43 p.m.
  • Length: 13:06
Show
View Real Time Build Order
Export as new Build Order

LiquidTaeja Terran - Winner!

Build Orders: Command Center First (CC), MMM Bio 

Get SALT Encoding   

  12  0:01  SCV  
  13  0:13  SCV  
  14  0:19  Supply Depot  
  14  0:25  SCV  
  15  0:41  SCV  
  16  0:57  Command Center  
  16  1:00  SCV  
  17  1:11  Barracks  
  17  1:15  SCV  
  18  1:27  SCV  
  19  1:32  Barracks  
  19  1:39  SCV  
  20  1:44  Refinery  
  20  1:48  Refinery  
  20  1:51  SCV  
  21  1:58  Marine  
  22  2:05  Orbital Command  
  22  2:18  Orbital Command  
  22  2:21  Marine  
  22  2:22  Barracks Tech Lab  
  23  2:31  SCV  
  24  2:41  Barracks Reactor  
  24  2:42  Marine  
  24  2:44  Stimpack  
  25  2:45  SCV  
  25  2:48  SCV  
  27  2:58  SCV  
  28  3:00  SCV  
  28  3:03  Marauder  
  31  3:06  Bunker  
  31  3:10  SCV  
  32  3:13  SCV  
  32  3:17  Marine x2  
  34  3:22  Supply Depot  
  34  3:25  SCV, Factory  
  35  3:27  SCV  
  35  3:30  Engineering Bay  
  36  3:38  SCV  
  36  3:39  SCV  
  38  3:43  Marauder, Marine x2  
  38  3:46  Supply Depot  
  42  3:51  SCV  
  43  3:58  Terran Infantry Weapons Level 1  
  43  3:59  SCV  
  43  4:01  Marine  
  45  4:03  Marine  
  45  4:08  SCV  
  46  4:11  SCV  
  44  4:23  SCV  
  43  4:27  SCV  
  43  4:28  Factory Reactor  
  43  4:30  Marine x2  
  43  4:31  Starport, Marauder  
  48  4:35  SCV  
  49  4:39  SCV  
  49  4:43  Refinery  
  49  4:45  Supply Depot x2  
  50  4:48  SCV, Combat Shields  
  50  4:51  SCV  
  50  4:52  Marine x2  
  54  5:01  Supply Depot  
  54  5:03  Supply Depot  
  54  5:07  SCV x2, Marauder  
  58  5:14  Medivac  
  58  5:15  Medivac  
  58  5:19  SCV x2  
  63  5:29  Marauder, Marine x2  
  63  5:31  SCV  
  67  5:36  SCV  
  56  5:43  SCV  
  49  5:51  Marauder  
  44  5:59  Marine x2  
  32  6:33  Marauder, Marine  
  32  6:34  Marine  
  32  6:38  Medivac  
  38  6:42  Medivac  
  38  6:47  Widow Mine  
  40  6:50  Marine  
  42  7:05  Marine x2  
  32  7:26  Marine x2  
  32  7:29  Marine  
  33  7:31  SCV x2  
  35  7:43  SCV x2  
  35  7:44  Marine x2  
  38  7:55  SCV x2  
  40  8:07  SCV x2  
  40  8:12  Marine x3  
  45  8:19  SCV  
  47  8:20  SCV  
  47  8:30  Marine x3  
  47  8:31  SCV  
  47  8:32  SCV  
  50  8:44  SCV x2  
  52  8:49  Marine x3  
  52  8:55  Medivac  
  57  8:56  SCV x2  
  57  8:59  Medivac  
  61  9:08  SCV x2  
  63  9:18  Marine  
  63  9:19  Marine x2  
  63  9:20  SCV  
  63  9:21  SCV  
  66  9:25  Barracks  
  66  9:26  Barracks  
  57  9:32  SCV  
  57  9:35  SCV  
  57  9:36  Marine x3  
  60  9:44  SCV, Medivac x2  
  64  9:47  SCV  
  65  9:54  Supply Depot, Marine  
  65  9:56  SCV  
  65  9:59  SCV, Barracks  
  68  10:04  Terran Infantry Armor Level 1  
  68  10:07  Concussive Shells  
  68  10:08  SCV  
  68  10:11  SCV  
  70  10:20  SCV  
  70  10:21  Barracks Tech Lab  
  71  10:22  Barracks Tech Lab  
  71  10:23  SCV  
  71  10:26  Refinery  
  72  10:28  Medivac  
  72  10:29  Marine x3  
  72  10:32  SCV  
  72  10:35  Supply Depot, SCV  
  78  10:36  Supply Depot  
  79  10:45  SCV  
  79  10:47  SCV, Marauder x2, Marine x2  
  85  10:55  Marauder  
  85  10:56  Barracks Reactor  
  85  10:57  SCV  
  87  11:00  SCV  
  87  11:09  SCV, Marauder  
  89  11:12  Command Center, SCV  
  89  11:18  Marauder x2, Marine x2  
  94  11:20  Medivac  
  94  11:21  SCV  
  94  11:22  Medivac  
  94  11:24  SCV  
  102  11:29  Armory  
  102  11:32  Engineering Bay  
  102  11:44  Marauder x3, Marine x2  
  110  11:54  Marine x2  
  96  12:04  Marine x2  
  96  12:05  Marauder x2  
  96  12:06  Orbital Command  
  100  12:10  Orbital Command  
  96  12:21  Marauder, Marine x2  
  100  12:26  Marine x2  
  100  12:27  Marauder x2  
  106  12:38  Marine  
  106  12:39  Marine  
  106  12:42  Marauder  
  107  12:45  Marine  
  107  12:46  Marine  
Show
View Real Time Build Order
Export as new Build Order

Bop Protoss 

Build Orders: Nexus First, Mass Adepts 

Get SALT Encoding   

  12  0:00  Probe  
  13  0:13  Probe  
  14  0:44  Nexus  
  14  0:53  Pylon  
  14  1:11  Probe (Chrono Boost), Gateway  
  15  1:17  Assimilator  
  15  1:23  Probe (Chrono Boost)  
  16  1:29  Probe (Chrono Boost)  
  17  1:40  Probe (Chrono Boost)  
  18  1:49  Probe (Chrono Boost)  
  18  1:50  Pylon  
  19  1:58  Cybernetics Core  
  19  2:07  Gateway  
  19  2:10  Probe  
  20  2:15  Probe (Chrono Boost)  
  21  2:24  Probe (Chrono Boost)  
  21  2:28  Probe (Chrono Boost)  
  23  2:34  Probe (Chrono Boost), Adept  
  23  2:36  Probe (Chrono Boost), Warp Gate (Chrono Boost)  
  27  2:41  Probe (Chrono Boost)  
  28  2:45  Probe (Chrono Boost)  
  30  2:52  Probe (Chrono Boost)  
  30  2:54  Probe (Chrono Boost), Pylon  
  31  3:04  Adept (Chrono Boost)  
  35  3:06  Adept (Chrono Boost)  
  34  3:13  Probe x2  
  36  3:25  Probe x2  
  36  3:26  Gateway  
  36  3:27  Gateway  
  38  3:30  Adept  
  40  3:37  Probe x2  
  40  3:40  Adept  
  44  3:50  Probe x2  
  44  3:55  Pylon  
  46  3:57  Adept  
  48  4:03  Probe x2  
  50  4:15  Probe  
  49  4:25  Gateway  
  49  4:26  Gateway  
  49  4:31  Gateway  
  45  4:34  Gateway  
  45  4:39  Adept x4  
  45  4:43  Assimilator  
  45  4:44  Assimilator  
  53  4:54  Pylon  
  53  4:56  Pylon  
  53  4:57  Stalker x3  
  59  5:09  Probe  
  60  5:22  Adept x5  
  66  5:48  Adept x2  
  66  5:49  Adept x4  
  68  6:06  Adept x2  
  64  6:14  Adept  
  64  6:15  Adept x2  
  70  6:20  Robotics Facility  
  58  6:35  Zealot x6  
  58  6:36  Zealot x2  
  58  6:38  Probe x2  
  76  6:44  Assimilator  
  76  6:59  Probe x2  
  74  7:02  Adept x2  
  72  7:10  Pylon  
  72  7:11  Pylon  
  72  7:12  Forge  
  72  7:14  Pylon  
  72  7:15  Robotics Bay  
  60  7:32  Probe x2  
  60  7:33  Zealot x4  
  60  7:34  Zealot x2  
  60  7:35  Twilight Council  
  60  7:36  Sentry x2  
  74  7:37  Protoss Ground Weapons Level 1 (Chrono Boost)  
  64  8:04  Zealot x5  
  64  8:05  Zealot  
  78  8:08  Disruptor (Chrono Boost)  
  78  8:15  Zealot x2  
  82  8:24  Zealot x2, Charge (Chrono Boost)  
  86  8:34  Disruptor, Zealot x3  
  88  8:42  Zealot x2  
  88  8:46  Stalker  
  86  8:54  Stalker  
  84  9:00  Zealot x2  
  76  9:14  Stalker x3  
  76  9:18  Zealot  
  70  9:27  Zealot x3  
  60  9:33  Disruptor (Chrono Boost)  
  60  9:35  Protoss Ground Weapons Level 2 (Chrono Boost)  
  54  9:46  Adept  
  54  9:47  Adept  
  58  9:57  Zealot x2  
  62  10:04  Zealot x2  
  66  10:09  Disruptor  
  70  10:14  Disruptor (Chrono Boost)  
  70  10:17  Zealot x2  
  70  10:18  Zealot  
  76  10:24  Zealot  
  78  10:34  Zealot x3  
  72  10:55  Adept x2  
  72  10:56  Adept x2  
  72  11:08  Adept x2, Disruptor (Chrono Boost)  
  72  11:19  Adept x2  
  72  11:20  Disruptor x2  
  80  11:34  Adept, Disruptor (Chrono Boost)  
  82  11:40  Disruptor  
  82  11:43  Disruptor  
  82  11:47  Adept x2  
  82  11:51  Shield Upgrade  
  84  12:01  Stalker x2  
  84  12:06  Disruptor x2  
  82  12:16  Disruptor  
  82  12:23  Zealot  
  82  12:24  Zealot x2  
  88  12:36  Zealot x2  
  82  12:59  Adept x5  
Tags
 
Add a new tag
Caveats
  • Supply blocks, unpowered buildings, or Contaminate may cause inaccurate times.
  • Supply counts are checked every 10 seconds.